 Dungeon Crawl Stone Soup version 0.31.0-32-g396128a36d (webtiles) character file.

Game seed: 5456100433846082970

12657 Brickman the Devastator (level 11, -4/74 HPs)
             Began as a Green Draconian Conjurer on Apr 20, 2024.
             Was an Initiate of Gozag.
             Slain by a minotaur
             ... wielding a +0 bardiche
              (7 damage)
             ... in a Gauntlet on Apr 21, 2024.
             The game lasted 01:35:10 (12697 turns).

Brickman the Devastator (Green Draconian Conjurer) Turns: 12697, Time: 01:35:13

Health: -4/74      AC: 10    Str:  9    XL:     11   Next: 65%
Magic:  21/21      EV: 20    Int: 23    God:    Gozag
Gold:   242        SH:  5    Dex: 16    Spells: 5/23 levels left

rFire   . . .        D - +5 mace of Zuuhuol {drain, Will+ SInv Stlth+}
rCold   . . .        (no shield)
rNeg    . . .        (body armour unavailable)
rPois   +            o - +0 hat
rElec   .            (no cloak)
rCorr   .            (no gloves)
SInv    +            Z - +2 pair of boots {Fly}
Will    +....        c - amulet of the Stained Tamarind {Reflect Regen+ SH+5}
Stlth   +++          j - +5 ring of evasion
HPRegen 1.12/turn    y - +6 ring of dexterity
MPRegen 0.17/turn

%: no teleportation, reflection
@: short of breath, flying, very slightly contaminated, hasted, very quick
A: breathe noxious fumes, AC +7, unfitting armour, poison resistance,
cold-blooded
a: Breathe Noxious Fumes, Renounce Religion, Potion Petition, Call Merchant,
Bribe Branch


You were in a Gauntlet.
You worshipped Gozag.
Gozag was aware of your devotion.
You visited 2 branches of the dungeon, and saw 12 of its levels.
You also visited: Ossuary and Gauntlet.

You collected 2341 gold pieces.
You spent 413 gold pieces at shops.
You paid 1686 gold pieces to Gozag.

Inventory:

Hand Weapons
 D - the +5 mace of Zuuhuol (weapon) {drain, Will+ SInv Stlth+}
   (You found it on level 4 of the Dungeon)

   Will+:     It increases your willpower.
   SInv:      It lets you see invisible.
   Stlth+:    It makes you more stealthy.
 U - the +9 flail "Gesith" {freeze, Fly rElec}
   (You found it on level 6 of the Dungeon)

   rElec:     It insulates you from electricity.
   Fly:       It grants you flight.
Missiles
 i - a throwing net
 p - 35 poisoned darts
 P - 9 curare-tipped darts
Armour
 d - a scarf of harm
 f - the +2 cloak "Agyd Dinn" {-Cast Str+3}
   (You found it in a Gauntlet)

   Str+3:     It affects your strength (+3).
   -Cast:     It prevents spellcasting.
 o - a +0 hat (worn)
 Z - a +2 pair of boots of flying (worn)
Magical Staves
 K - a staff of earth
Jewellery
 c - the amulet of the Stained Tamarind (around neck) {Reflect Regen+ SH+5}
   (You found it in a Gauntlet)

   [amulet of reflection]

   Reflect:   It reflects blocked missile attacks.
   Regen+:    It increases your rate of health regeneration.
   SH+5:      It affects your SH (+5).
 j - a +5 ring of evasion (left hand)
 k - a ring of willpower
 t - the amulet "Nawoal" {Regen+ Slay+3}
   (You found it on level 10 of the Dungeon)

   [amulet of regeneration]

   Slay+3:    It affects your accuracy & damage with ranged weapons and melee
   (+3).
   Regen+:    It increases your rate of health regeneration.
 y - a +6 ring of dexterity (right hand)
 z - a ring of ice
 N - an amulet of the acrobat
 T - a ring of protection from cold
 X - a ring of fire
 Y - an amulet of reflection
Wands
 A - a wand of quicksilver (6)
 F - a wand of flame (22)
 Q - a wand of digging (6)
 S - a wand of charming (8)
 W - a wand of polymorph (10)
Scrolls
 e - 2 scrolls of fog
 g - 6 scrolls of teleportation
 B - 3 scrolls of amnesia
Potions
 a - 4 potions of magic
 b - 4 potions of brilliance
 q - 2 potions of invisibility
 u - 7 potions of heal wounds
 w - 3 potions of curing
 x - 4 potions of haste
 H - 4 potions of might
 J - 2 potions of ambrosia


   Skills:
 + Level 6.8 Dodging
 - Level 1.7 Stealth
 - Level 6.7 Spellcasting
 + Level 15.3 Conjurations
 + Level 5.1 Evocations


You had 5 spell levels left.
You knew the following spells:

 Your Spells              Type           Power      Damage    Failure   Level
a - Magic Dart            Conj           100%       1d8       0%          1
b - Searing Ray           Conj           100%       2d8       1%          2
c - Fulminant Prism       Conj/Alch      21%        3d12      3%          4
d - Iskenderun's Mystic   Conj/Tloc      43%        2d10      3%          4
e - Momentum Strike       Conj/Tloc      86%        3d10      1%          2
f - Irradiate             Conj/Alch      21%        3d18      10%         5

Your spell library contained the following spells:

 Spells                   Type           Power      Damage    Failure   Level
 Sting                    Conj/Alch      100%       1d9       1%          1
 Apportation              Tloc           14%        N/A       8%          1
 Necrotise                Necr           28%        1d5       8%          1
 Slow                     Hex            28%        N/A       8%          1
 Summon Small Mammal      Summ           28%        N/A       8%          1
 Blink                    Tloc           14%        N/A       12%         2
 Lesser Beckoning         Tloc           14%        N/A       12%         2
 Sublimation of Blood     Necr           7%         N/A       12%         2
 Confusing Touch          Hex            7%         N/A       24%         3
 Fugue of the Fallen      Necr           7%         N/A       24%         3
 Inner Flame              Hex/Fire       7%         N/A       24%         3
 Ozocubu's Armour         Ice            7%         N/A       24%         3
 Sigil of Binding         Hex            7%         N/A       24%         3
 Vampiric Draining        Necr           7%         2d6       24%         3
 Manifold Assault         Tloc           7%         N/A       61%         4
 Petrify                  Alch/Erth      7%         N/A       61%         4
 Ignition                 Fire           3%         3d4       100%        8


Dungeon Overview and Level Annotations

Branches:
Dungeon (11/15)            Temple (1/1) D:5             Orc (0/2) D:11
Ossuary (visited)         Gauntlet (1/1)
   Lair: D:8-11

Altars:
Ashenzari
Cheibriados
Dithmenos
Elyvilon
Fedhas
Gozag
Hepliaklqana
Kikubaaqudgha
Makhleb
Nemelex Xobeh
Okawaru
Qazlal
Ru
Sif Muna
Trog
Uskayaw
Vehumet
Wu Jian
Xom
Yredelemnul
Zin
The Shining One

Shops:
D:1 (!(   D:3 *(   D:6 =   D:7 *   D:10 [

Annotations:
D:9 1 runed translucent door, exclusion: 2 lemures, porpoise's ghost, novice HORe
D:10 exclusions: boulder beetle, gargoyle and 7 more exclusions Gauntlet 8 transporters


Innate Abilities, Weirdness & Mutations

You can breathe blasts of noxious fumes.
Your lurid green scales are hard. (AC +7)
You cannot fit into any form of body armour.
Your system is resistant to poisons. (rPois)
You are cold-blooded and may be slowed by cold attacks.


Message History

The minotaur is blasted with magical radiation.
The minotaur twists and deforms.
You are very lightly contaminated with residual magic.
The minotaur misses you. The minotaur closely misses you.
Aiming: Polymorph
Press: ? - help, Shift-Dir - straight line, f/p - minotaur
Aim: a minotaur, wielding a +0 bardiche, wearing a +3 plate armour of fire resistance and quivering silver javelins (lightly wounded, poisoned, misshapen and mutated, will become a black draconian, a shining eye, or a satyr, chance to affect: 20%)
Okay, then.
Unknown command.
Aiming: Breathe Noxious Fumes (3% risk of failure)
Press: ? - help, Shift-Dir - straight line, f/p - minotaur
Aim: a minotaur, wielding a +0 bardiche, wearing a +3 plate armour of fire resistance and quivering silver javelins (lightly wounded, poisoned, misshapen and mutated, 81% to hit)
You exhale a blast of noxious fumes.
The blast of choking fumes hits the minotaur but does no damage.
The minotaur is lightly wounded.
The minotaur looks more healthy.
The minotaur is engulfed in noxious fumes.
The minotaur hits you with a +0 bardiche!!
* * * LOW HITPOINT WARNING * * *
The minotaur gores you.
* * * LOW HITPOINT WARNING * * *
Okay, then.
Unknown command.
Unknown command.
Okay, then.
Unknown command.
Okay, then. [a] - 315 gold - haste and enlightenment [b] - 624 gold - heal wounds, curing, magic and resistance [c] - 598 gold - heal wounds, magic and haste Purchase which effect?
You no longer have enough gold to petition Gozag for potion effects.
You feel much better. Magic courses through your body.
You feel yourself speed up.
The minotaur is engulfed in noxious fumes.
The minotaur hits you with a +0 bardiche!!
* * * LOW HITPOINT WARNING * * *
The minotaur gores you!
You die...
Your body crumbles into a pile of gold.

#...###.♣.########
#.♣..##.... .....#
#.PP..#.♣.###.##.##
#..P♣.#..........8#
#...P.#.©.#.#.....
#.....#...#.#.#########
#.....#.©.#...#8.8○8?8#
...∩..#...###.'..H...∩#
#.....#.©.#...#8@8(8)8#
#.....#...#.#.#########
#...P.#.©.#.#..
#..P♣.#.... ...
#.....#.♣.# #.##
#.♣..##... ... #.P.##
.♣ ### #...≈## #...≈≈#


You could see a minotaur (misshapen).

Vanquished Creatures
  Erica (D:8)
  2 two-headed ogres
  Sonja (D:10)
  A cyclops (D:11)
  A gargoyle (D:10)
  An eye of devastation (Gauntlet)
  Maggie (D:9)
  An unseen horror (D:10)
  A troll (D:11)
  A hornet (D:10)
  A glass eye (Gauntlet)
  A centaur simulacrum (Gauntlet)
  A wraith (D:9)
  13 yaks
  Grum (D:9)
  A basilisk (D:11)
  A steam dragon (D:9)
  An acid dragon (D:9)
  2 water moccasins (D:9)
  2 orc warriors
  A black bear (D:5)
  2 sky beasts
  3 ice beasts
  An ogre (D:4)
  2 centaurs
  2 wolves (D:9)
  A phantom (D:5)
  A kobold brigand (D:8)
  A weeping skull (Ossuary)
  5 bullfrogs
  4 wights (D:7)
  4 scorpions
  4 water moccasin zombies (Ossuary)
  2 gnoll sergeants
  A small abomination (Gauntlet)
  10 killer bees
  7 electric eels (D:10)
  4 howler monkeys
  A bombardier beetle (D:4)
  A gnoll bouda (D:5)
  2 jellies
  8 orc priests
  7 hounds
  3 iguanas
  A sleepcap (D:7)
  11 orc wizards
  A bullfrog simulacrum (Ossuary)
  A crocodile zombie (Ossuary)
  2 mummies (Ossuary)
  22 gnolls
  4 adders
  A white imp (D:6)
  3 adder zombies (Ossuary)
  A dart slug (D:1)
  22 orcs
  4 endoplasms
  A giant cockroach (D:4)
  3 goblins
  8 hobgoblins
  A jackal (D:1)
  4 quokkas
  11 ball pythons
  4 bats
  2 frilled lizards
  10 gnoll zombies (Ossuary)
  4 jackal zombies (Ossuary)
  13 kobolds
  3 orc zombies (Ossuary)
  8 rats
  A fulminant prism (D:10)
258 creatures vanquished.

Vanquished Creatures (collateral kills)
  A thrashing horror (Gauntlet)
1 creature vanquished.

Vanquished Creatures (others)
  A thrashing horror (Gauntlet)
  A small abomination (Gauntlet)
  17 fulminant prisms
19 creatures vanquished.

Grand Total: 278 creatures vanquished

Notes
Turn   | Place    | Note
-------+----------+-------------------------------------------
     0 | D:1      | Brickman the Draconian Conjurer began the quest for the
                  | Orb.
     0 | D:1      | Reached XP level 1. HP: 14/14 MP: 3/3
   239 | D:1      | Found Ushreq's Antique Weapon Shoppe.
   721 | D:1      | Reached XP level 2. HP: 20/20 MP: 0/5
   724 | D:1      | Learned a level 2 spell: Searing Ray
   912 | D:1      | Found Vamop's Weapon Boutique.
  1194 | D:1      | Found Beq Cuh's Distillery.
  1278 | D:1      | Reached skill level 5 in Conjurations
  1343 | D:1      | Reached XP level 3. HP: 26/26 MP: 3/6
  1586 | D:3      | Found Gozag's Platinum Reserve.
  1586 | D:3      | Found an opulent altar of Gozag.
  1597 | D:3      | Became a worshipper of Gozag Ym Sagoz the Greedy
  1904 | D:3      | Reached XP level 4. HP: 16/33 MP: 1/7
  1983 | D:3      | Reached skill level 6 in Conjurations
  2030 | D:1      | Bought a potion of heal wounds for 60 gold pieces
  2030 | D:1      | Bought a potion of degeneration for 12 gold pieces
  2386 | D:3      | Reached XP level 5. HP: 37/38 MP: 4/8
  2786 | D:3      | Found a blossoming altar of Fedhas.
  2786 | D:3      | Found an ornate altar of the Wu Jian Council.
  2786 | D:3      | Found an iron altar of Okawaru.
  3012 | D:3      | Found Efargh's Antique Weapon Emporium.
  3234 | D:4      | Reached skill level 7 in Conjurations
  3326 | D:1      | Bought a potion of invisibility for 96 gold pieces
  3546 | D:4      | Reached XP level 6. HP: 45/45 MP: 6/9
  3892 | D:4      | Found a sparkling altar of Nemelex Xobeh.
  3896 | D:4      | Identified the +5 mace of Zuuhuol {drain, Will+ SInv
                  | Stlth+}
  3946 | D:5      | Entered Level 5 of the Dungeon
  3978 | D:5      | Reached skill level 8 in Conjurations
  4064 | D:5      | Your scales start taking on a lurid green colour.
  4064 | D:5      | Reached XP level 7. HP: 50/50 MP: 6/10
  4064 | D:5      | Gained mutation: Your system is resistant to poisons.
                  | (rPois) [Green Draconian growth]
  4116 | D:5      | Found a staircase to the Ecumenical Temple.
  4187 | D:5      | Reached skill level 9 in Conjurations
  4241 | D:5      | Found a sand-covered staircase.
  4250 | Ossuary  | Entered an ossuary
  4469 | Ossuary  | Reached skill level 10 in Conjurations
  4511 | Ossuary  | Reached XP level 8. HP: 54/57 MP: 5/11
  4590 | Ossuary  | Learned a level 4 spell: Fulminant Prism
  4595 | Ossuary  | Learned a level 4 spell: Iskenderun's Mystic Blast
  4601 | Ossuary  | Reached skill level 1 in Evocations
  5068 | Temple   | Entered the Ecumenical Temple
  5506 | D:6      | Reached skill level 11 in Conjurations
  5609 | D:6      | Reached XP level 9. HP: 48/62 MP: 5/15
  5784 | D:6      | You fall into a shaft and drop 3 floors!
  5951 | D:9      | Noticed porpoise's ghost (novice HORe)
  5960 | D:9      | Found a runed translucent door.
  6039 | D:9      | Noticed Maggie
  6065 | D:9      | Noticed Grum
  6074 | D:9      | Killed Grum
  6146 | D:9      | Reached skill level 5 in Spellcasting
  6146 | D:9      | Reached skill level 12 in Conjurations
  6208 | D:9      | Learned a level 2 spell: Momentum Strike
  6314 | D:10     | Entered Level 10 of the Dungeon
  6881 | D:8      | Reached XP level 10. HP: 68/69 MP: 19/19
  6962 | D:8      | Noticed a cyclops
  6964 | D:8      | Noticed a seven-headed hydra
  6965 | D:8      | Noticed a two-headed ogre
  6966 | D:8      | Noticed a centaur warrior
  6982 | D:8      | Noticed a boulder beetle
  7354 | D:6      | Identified the +9 flail "Gesith" {freeze, Fly rElec}
  8115 | D:7      | Reached skill level 13 in Conjurations
  8687 | D:7      | Found Mebbol's CLEARANCE SALE!.
  8724 | D:7      | Bought a scroll of amnesia for 28 gold pieces
  9091 | D:8      | Noticed Erica
  9712 | D:8      | Killed Erica
  9713 | D:8      | Reached skill level 14 in Conjurations
  9992 | D:9      | Killed Maggie
  9993 | D:9      | Reached skill level 5 in Dodging
 10675 | D:10     | Noticed Sonja
 10680 | D:10     | Killed Sonja
 10681 | D:10     | Reached skill level 5 in Evocations
 10681 | D:10     | Reached XP level 11. HP: 74/74 MP: 10/21
 10687 | D:10     | Learned a level 5 spell: Irradiate
 11154 | D:10     | Noticed a two-headed ogre
 11199 | D:10     | Killed a two-headed ogre
 11331 | D:10     | Noticed a catoblepas
 11331 | D:10     | Found the +6 shillelagh "Devastator" {shatter}
 11402 | D:10     | Bought a pair of embroidered boots for 217 gold pieces
 11440 | D:10     | Noticed a boulder beetle
 11646 | D:10     | Identified the amulet "Nawoal" {Regen+ Slay+3}
 12010 | D:11     | Noticed a two-headed ogre
 12033 | D:11     | Killed a two-headed ogre
 12098 | D:11     | Found a staircase to the Orcish Mines.
 12113 | D:11     | Found a gate leading to a gauntlet.
 12136 | D:11     | Reached skill level 15 in Conjurations
 12161 | Gauntlet | Entered a Gauntlet
 12161 | Gauntlet | Found a transporter.
 12161 | Gauntlet | Found a runed translucent gate.
 12161 | Gauntlet | Found a runed translucent gate.
 12211 | Gauntlet | Found a runed translucent gate.
 12211 | Gauntlet | Found a transporter.
 12213 | Gauntlet | Found a transporter.
 12237 | Gauntlet | Found a transporter.
 12252 | Gauntlet | Found a transporter.
 12254 | Gauntlet | Found a transporter.
 12256 | Gauntlet | Noticed a glowing orange brain
 12259 | Gauntlet | Noticed a white ugly thing
 12269 | Gauntlet | Found a transporter.
 12279 | Gauntlet | Noticed a death drake
 12282 | Gauntlet | Found a transporter.
 12289 | Gauntlet | Noticed a fire crab
 12292 | Gauntlet | Found a transporter.
 12296 | Gauntlet | Found a transporter.
 12296 | Gauntlet | Found a transporter.
 12330 | Gauntlet | Found a runed translucent door.
 12330 | Gauntlet | Noticed a thrashing horror
 12332 | Gauntlet | Noticed a thrashing horror
 12334 | Gauntlet | Found a transporter.
 12339 | Gauntlet | Found a transporter.
 12355 | Gauntlet | Found a transporter.
 12469 | Gauntlet | Identified the amulet of the Stained Tamarind {Reflect
                  | Regen+ SH+5}
 12634 | Gauntlet | Killed a thrashing horror
 12659 | Gauntlet | Identified the +2 cloak "Agyd Dinn" {-Cast Str+3}
 12688 | Gauntlet | Identified the +8 arbalest "Zoug" {penet, rF- Str-4 Dex+4
                  | SInv}
 12688 | Gauntlet | Noticed a minotaur
 12697 | Gauntlet | HP: 3/74 [minotaur/+0 bardiche (26)]
 12697 | Gauntlet | Slain by a minotaur

Illustrated notes

Levels and vault maps discovered:
D:1:      zelgadis_glass_arrival_large, layout_loops_ring, serial_shops,
          nicolae_shop_advertising_works [nicolae_subvault_shop_adworks], shop,
          nicolae_shop_pleasant_corner_grove, minmay_split_cup_large
D:2:      layout_loops_ring
D:3:      layout_basic, gammafunk_temple_overflow_forgotten,
          nicolae_gozag_zags_fifth_avenue, serial_shops, shop,
          minmay_statues_item
D:4:      layout_rooms, marbit_many_paths
D:5:      layout_basic, minmay_temple_entry_trees,
          mainiacjoe_ossuary_entry_dusty_tomb
D:6:      layout_basic
D:7:      layout_loops_corners, nicolae_shop_clearance
D:8:      layout_basic, minivault_12, uniq_erica
D:9:      layout_basic, hellmonk_ghost_big_iron, uniq_pikel, uniq_maggie,
          uniq_grum
D:10:     minmay_roctagon, layout_basic, kennysheep_generic_room_6, uniq_sonja
D:11:     layout_cross, david_lair_generic, orc_0_dummy, gauntlet_entry_generic
Temple:   nicolae_temple_bog_church
Gauntlet: minmay_gauntlet_77_tree [minmay_gauntlet_arena_77_run_for_it,
          minmay_gauntlet_arena_77_checkered,
          minmay_gauntlet_arena_77_two_paths, minmay_gauntlet_arena_77_path,
          minmay_gauntlet_arena_77_box, minmay_gauntlet_arena_77_fan,
          minmay_gauntlet_arena_77_chump_sandwich,
          nicolae_gauntlet_exit_dead_adventurers]

Skill      XL: |  1  2  3  4  5  6  7  8  9 10 11 |
---------------+----------------------------------+-----
Conjurations   | 5 6 7 8 10 11 12 14 15 | 15.3
Dodging        | 2 3 5 6 |  6.8
Evocations     | 2 3 5 |  5.1
Spellcasting   | 4 6 |  6.7
Stealth        | |  1.7

Action                     |  1- 3 |  4- 6 |  7- 9 | 10-12 || total
---------------------------+-------+-------+-------+-------++-------
  Melee: Dagger            |     3 |    17 |       |       ||    20
         Tailslap          |     1 |     2 |     3 |     8 ||    14
         Punch             |       |     1 |       |     1 ||     2
         Mace              |       |     2 |    23 |    53 ||    78
  Throw: Dart              |       |     1 |     1 |     5 ||     7
   Cast: Magic Dart        |    29 |     1 |     4 |     5 ||    39
         Searing Ray       |    21 |    32 |    67 |    59 ||   179
         Fulminant Prism   |       |       |     5 |    13 ||    18
         Iskenderun's Myst |       |       |     2 |    14 ||    16
         Momentum Strike   |       |       |     2 |     5 ||     7
         Irradiate         |       |       |       |     5 ||     5
 Invoke: Call Merchant     |       |       |       |     2 ||     2
         Potion Petition   |       |       |       |     1 ||     1
Ability: Breathe Noxious F |       |       |    13 |    34 ||    47
  Evoke: Wand              |       |     2 |     2 |     4 ||     8
    Use: Scroll            |     1 |     4 |     3 |     7 ||    15
   Stab: Sleeping          |       |     1 |     1 |     1 ||     3
         Confused          |       |       |     1 |     3 ||     4
         Distracted        |       |       |       |     1 ||     1
 Armour: Skin              |     8 |    24 |    47 |    71 ||   150
  Dodge: Dodged            |     8 |    19 |    56 |    98 ||   181
  Block: Other             |       |       |       |     1 ||     1
